 Dungeon Crawl Stone Soup version 0.24.0-13-gcf9b319 (webtiles) character file.

Game seed: 6616215155732777442, levelgen mode: deterministic

581 Fang the Skirmisher (level 7, -3/44 HPs)
             Began as a Gargoyle Berserker on Dec 9, 2019.
             Was a Priest of Trog.
             Slain by an ogre
             ... wielding a +0 giant club
              (19 damage)
             ... on level 4 of the Dungeon.
             The game lasted 00:02:52 (2808 turns).

Fang the Skirmisher (Gargoyle Berserker)            Turns: 2808, Time: 00:02:53

Health: -3/44      AC:  7    Str: 23    XL:     7   Next: 36%
Magic:  7/7        EV: 13    Int:  7    God:    Trog [***...]
Gold:   128        SH:  0    Dex:  9    Spells: 6/6 levels left

rFire    . . .     SeeInvis .   a - +0 hand axe
rCold    + . .     Gourm    .   (no shield)
rNeg     + . .     Faith    .   b - +0 animal skin
rPois    ∞         Spirit   .   (no helmet)
rElec    +         Reflect  .   (no cloak)
rCorr    .         Harm     .   (no gloves)
MR       ++...                  (no boots)
Stlth    +.........             u - amulet of the acrobat
HPRegen  1.14/turn              n - ring of protection from cold
MPRegen  0.10/turn              (no ring)

@: berserk cooldown, regenerating
A: negative energy resistance 1, electricity resistance, unbreathing,
petrification resistance, rot immunity, AC +4
a: Berserk, Trog's Hand, Renounce Religion


You were on level 4 of the Dungeon.
You worshipped Trog.
Trog was most pleased with you.
You were not hungry.

You visited 1 branch of the dungeon, and saw 4 of its levels.

You collected 128 gold pieces.

Inventory:

Hand Weapons
 a - a +0 hand axe (weapon)
Armour
 b - a +0 animal skin (worn)
Jewellery
 n - a ring of protection from cold (left hand)
 u - an amulet of the acrobat (around neck)
Scrolls
 d - a scroll of enchant weapon {unknown}
 e - 3 scrolls of identify {unknown}
 g - 2 scrolls of fog {unknown}
 h - 2 scrolls of immolation {unknown}
 i - a scroll of magic mapping {unknown}
 j - 2 scrolls of enchant armour {unknown}
 m - a scroll of teleportation {unknown}
 o - 2 scrolls of remove curse {unknown}
 q - a scroll of fear {unknown}
 r - a scroll of blinking {unknown}
Potions
 k - 2 potions of berserk rage {unknown}
 l - a potion of lignification {unknown}
 p - 3 potions of curing {unknown}
 s - a potion of cancellation {unknown}
 t - a potion of heal wounds {unknown}
 v - a potion of invisibility {unknown}
Comestibles
 c - 9 rations


   Skills:
 + Level 5.3 Fighting
 + Level 4.4 Axes
 + Level 4.6 Armour
 + Level 3.4 Dodging


You had 6 spell levels left.
You didn't know any spells.
Your spell library was empty.

Dungeon Overview and Level Annotations

Branches:
Dungeon (4/15)
 Temple: D:4-7

Altars:
Ru
Uskayaw
Zin

Annotations:
D:4 3 runed translucent doors, karrick's ghost, amateur GrGl


Innate Abilities, Weirdness & Mutations

You are resistant to torment.
Your stone body is resilient. (AC +4)
You are immune to poison.
You resist negative energy. (rN+)
You are resistant to electric shocks. (rElec)
You can survive without breathing.
You are immune to petrification.
You are immune to rotting.


Message History

The ogre misses you.
Things that are here:
a +0 long sword; a +0 chain mail; an orc corpse The ogre closely misses you.
The ogre completely misses you. The ogre completely misses you.
You feel the effects of Trog's Hand fading.
The ogre misses you. The ogre hits you with a +0 giant club!
The ogre closely misses you.
You eat one of the 10 rations.
That ration really hit the spot!
Your skin stops crawling.
You feel less resistant to hostile enchantments.
The ogre hits you with a +0 giant club!
Your skin crawls.
You feel resistant to hostile enchantments.
You feel somewhat more hungry.
You feel yourself speed up.
The ogre hits you with a +0 giant club!!
You die...

##÷†.......
#.........
#.........
#.........
#.........
#.........
#.........
##.........
##.@##.....
##.O## #####
#....# ##....##
#......#
##......##
##........#
...####.....$...#
................#


You could see an ogre.

Vanquished Creatures
  Grinder (D:3)
  An orc warrior (D:4)
  A water moccasin skeleton (D:4)
  A scorpion (D:4)
  A howler monkey (D:4)
  A hound zombie (D:4)
  3 adders
  An ooze (D:2)
  An adder skeleton (D:4)
  5 worms
  6 dart slugs
  2 leopard geckos
  An orc (D:3)
  9 bats
  7 giant cockroaches
  3 goblins
  10 hobgoblins
  7 jackals
  3 quokkas
  4 frilled lizards
  8 kobolds
  10 rats
86 creatures vanquished.

Notes
Turn   | Place    | Note
-------+----------+-------------------------------------------
     0 | D:1      | Fang the Gargoyle Berserker began the quest for the Orb.
     0 | D:1      | Reached XP level 1. HP: 14/14 MP: 1/1
    81 | D:1      | Reached XP level 2. HP: 19/19 MP: 2/2
   294 | D:1      | Reached XP level 3. HP: 23/23 MP: 3/3
   608 | D:2      | Reached ** piety under Trog
   625 | D:2      | Noticed a -1 hand axe
   625 | D:2      | Noticed a +0 dagger
   626 | D:2      | Found a hide-covered altar of Uskayaw.
   798 | D:2      | Reached XP level 4. HP: 24/29 MP: 4/4
  1072 | D:2      | Reached skill level 4 in Fighting
  1352 | D:3      | Noticed Grinder
  1369 | D:3      | Killed Grinder
  1369 | D:3      | Reached XP level 5. HP: 21/34 MP: 5/5
  1369 | D:3      | Reached XP level 6. HP: 24/39 MP: 6/6
  2018 | D:3      | Found a sacrificial altar of Ru.
  2019 | D:3      | Found a glowing silver altar of Zin.
  2119 | D:3      | Reached *** piety under Trog
  2495 | D:4      | Found a runed translucent gate.
  2499 | D:4      | Found a runed translucent gate.
  2499 | D:4      | Found a runed translucent gate.
  2499 | D:4      | Noticed karrick's ghost (amateur GrGl)
  2768 | D:4      | Noticed an orc warrior
  2774 | D:4      | Reached skill level 5 in Fighting
  2775 | D:4      | Reached XP level 7. HP: 37/44 MP: 7/7
  2808 | D:4      | Slain by an ogre

Levels and vault maps discovered:
D:1:      roderic_chinese_lattice_arrival, layout_basic
D:2:      layout_basic, dancing_weapons_uskayaw
D:3:      layout_loops_corners, chequers_temple_overflow_statue_of_worship,
          first_ration, minmay_fractal_squares_5, uniq_grinder
D:4:      layout_cave_pods, gammafunk_ghost_split, minmay_manual_mail,
          uniq_edmund

Skill      XL: |  1  2  3  4  5  6 |
---------------+-------------------+-----
Axes           | 3 4 |  4.4
Dodging        | 2 3 |  3.4
Armour         | 3 4 |  4.6
Fighting       | 4 5 |  5.3

Action                   |  1- 3 |  4- 6 |  7- 9 || total
-------------------------+-------+-------+-------++-------
Melee: Hand axe          |    99 |   180 |    10 ||   289
Invok: Berserk           |       |     2 |       ||     2
       Trog's Hand       |       |       |     2 ||     2
 Stab: Sleeping          |       |     1 |       ||     1
  Eat: Chunk             |       |     7 |       ||     7
       Ration            |       |       |     1 ||     1
Armor: Animal skin       |    44 |    64 |     4 ||   112
Dodge: Dodged            |    79 |   157 |    12 ||   248
